 Dungeon Crawl Stone Soup version 0.14-a0-445-g388476e (console) character file.

98 Kellhus the Slasher (level 3, -11/28 HPs)
             Began as a Mummy Chaos Knight on Oct 30, 2013.
             Was a Plaything of Xom.
             Mangled by a gnoll
             ... wielding a +1,+2 flail
              (13 damage)
             ... on Level 2 of the Dungeon.
             The game lasted 00:01:35 (1238 turns).

Kellhus the Slasher (Mummy Chaos Knight)            Turns: 1238, Time: 00:01:36

HP -11/28        AC  5     Str 16      XL: 3   Next: 78%
MP   3/3         EV 10     Int 11      God: Xom
Gold 39          SH  0     Dex 11      Spells:  0 memorised,  2 levels left

Res.Fire  : x . .   See Invis. : .   a - +0 falchion (chaos)
Res.Cold  : + . .   Warding    : .   b - +2 leather armour
Life Prot.: + + +   Conserve   : .   (no shield)
Res.Poison: +       Res.Corr.  : .   (no helmet)
Res.Elec. : .       Clarity    : .   (no cloak)
Sust.Abil.: . .     Spirit.Shd : .   (no gloves)
Res.Mut.  : .       Stasis     : .   (no boots)
Res.Rott. : +       Flight     : .   (no amulet)
Saprovore : . . .                    (no ring)
                                     (no ring)

@: slightly resistant to hostile enchantments, very unstealthy
A: no food or potions, fire vulnerability, restore body, cold resistance 1, life
protection 3, poison resistance, torment resistance, unbreathing
a: Renounce Religion


You were on level 2 of the Dungeon.
You worshipped Xom.
You were a toy of Xom.
You were not hungry.

You visited 1 branch of the dungeon, and saw 2 of its levels.

You collected 19 gold pieces.

Inventory:

Hand weapons
 a - a +0,+0 falchion of chaos (weapon)
Armour
 b - a +2 leather armour (worn)
Scrolls
 c - 3 scrolls of identify {unknown}
 d - a scroll of enchant weapon II {unknown}
 e - a scroll of curse jewellery {unknown}
 f - a scroll of curse armour {unknown}
 g - a scroll of magic mapping {unknown}
 h - a scroll of enchant armour {unknown}
 i - a scroll of blinking {unknown}


   Skills:
 - Level 3.0 Fighting
 + Level 3.9 Long Blades
 - Level 1.5 Armour
 - Level 0.7 Dodging


You had 2 spell levels left.
You didn't know any spells.

Dungeon Overview and Level Annotations

Branches:
Dungeon (2/27)

Altars:


Innate Abilities, Weirdness & Mutations

You do not eat or drink.
Your flesh is vulnerable to fire.
Your flesh is cold resistant.
You are immune to negative energy.
Your system is resistant to poisons.
You are immune to unholy pain and torment.
You can survive without breathing.


Message History

* * * LOW HITPOINT WARNING * * *
You are too injured to fight recklessly!
You closely miss the gnoll.
The gnoll is almost dead.
The gnoll closely misses you.
Unknown command.
You hit the gnoll.
You kill the gnoll!
The gnoll throws a throwing net.
The throwing net hits you!
You become entangled in the net!
* * * LOW HITPOINT WARNING * * *
Unknown command.
You try to slip out of the net.
You slice into the net.
The gnoll unwields an uncursed short sword.
The gnoll drops an uncursed short sword.
The gnoll picks up a flail.
The gnoll wields a flail.
You slice the net and break free! The gnoll hits you with a flail!
You die...
Xom laughs nastily!

###### #....# *
#....# #...[#
..########....#
........g@((..#
##########....# *
*** #....#
,#####.## *
#.#.#!#.###
..........)####....
#.#.#.#.#.........
#.........#####....
##.#.#.#.##


You could see a gnoll.

Vanquished Creatures
  2 gnolls (D:2)
  A giant mite (D:2)
  A worm (D:2)
  6 hobgoblins
  3 jackals (D:1)
  6 bats
  A giant cockroach (D:2)
  3 goblins (D:1)
  4 kobolds
  2 rats
29 creatures vanquished.

Notes
Turn   | Place    | Note
--------------------------------------------------------------
     0 | D:1      | Kellhus, the Mummy Chaos Knight, began the quest for the Orb.
     0 | D:1      | Reached XP level 1. HP: 16/16 MP: 1/1
     2 | D:1      | XOM: divination: magic mapping
   179 | D:1      | Reached XP level 2. HP: 22/22 MP: 2/2
   240 | D:1      | XOM: divination: detect items
   284 | D:1      | XOM: harmless Summ miscast
   710 | D:2      | Reached XP level 3. HP: 2/28 MP: 3/3
   774 | D:2      | XOM: harmless Trmt miscast
   784 | D:2      | XOM: divination: magic mapping
  1103 | D:2      | XOM: divination: detect creatures
  1138 | D:2      | XOM: divination: magic mapping
  1183 | D:2      | XOM: divination: detect items
  1203 | D:2      | XOM: divination: detect items
  1222 | D:2      | XOM: divination: magic mapping
  1238 | D:2      | Mangled by a gnoll

Action                   || total
-------------------------++-------
Melee: Falchion          ||    80
 Stab: Confused          ||     1
